 Dungeon Crawl Stone Soup version 0.30-a0-715-gdb4ae3ece1 (webtiles) character file.

Game seed: 2435880413814840197

610748 Absynth the Axe Maniac (level 26, -5/379 (390) HPs)
             Began as a Minotaur Berserker on Jan 23, 2023.
             Was the Champion of Trog.
             Slain by a bennu (19 damage)
             ... on level 3 of the Tomb of the Ancients.
             The game lasted 03:23:42 (50685 turns).

Absynth the Axe Maniac (Minotaur Berserker)        Turns: 50685, Time: 03:23:42

HP:   -5/379 (390)  AC: 54    Str: 32      XL:     26   Next: 23%
MP:   22/22         EV: 17    Int: 14 (15) God:    Trog [******]
Gold: 4987          SH:  0    Dex: 12 (14) Spells: 25/25 levels left

rFire   + + .      SeeInvis +    a - +10 battleaxe "Spiderslayer" {flame, Will+ rCorr Str+2 Dex+4 Stlth-}
rCold   + + .      Faith    .    (shield currently unavailable)
rNeg    + + .      Spirit   .    r - +12 gold dragon scales
rPois   +          Reflect  .    Y - +2 hat {Stlth+}
rElec   +          Harm     +    l - +2 cloak of the Nexus {rC+}
rCorr   +          Rampage  .    k - +1 pair of gloves of Ywadir {Harm +Blink rElec Str-3}
Will    +++++      NoCast   +    x - +1 pair of boots of Least Resistance {Regen+ Int+7 Dex-2 Stlth+} Stlth
                                 p - amulet "Oragal" {-Cast +Blink Will++ Regen+ SInv}
HPRegen 3.43/turn                N - ring of Winter {Fly rF+ rN+ Slay+3}
MPRegen 0.18/turn                T - ring "Bodi" {Fly rPois rN+ Str+3}

@: mighty, berserking, marked, strong-willed, flying, regenerating, studying
Throwing, lightly drained, very quick
A: horns 2, retaliatory headbutt, iridescent scales 1, clever 1, shaggy fur 1
}: 4/15 runes: decaying, slimy, silver, gossamer
a: Renounce Religion, Evoke Blink, Berserk, Trog's Hand, Brothers in Arms


You were on level 3 of the Tomb of the Ancients.
You worshipped Trog.
Trog was exalted by your worship.
You visited 11 branches of the dungeon, and saw 53 of its levels.
You visited the Abyss 1 time.
You visited 1 bazaar.
You also visited: Trove, Ice Cave and Desolation.

You collected 8232 gold pieces.
You spent 3245 gold pieces at shops.

Inventory:

Hand Weapons
 a - the +10 battleaxe "Spiderslayer" (weapon) {flame, Will+ rCorr Str+2 Dex+4 Stlth-}
   (Trog gifted it to you on level 5 of the Lair of Beasts)

   Str:       It affects your strength (+2).
   Dex:       It affects your dexterity (+4).
   rCorr:     It protects you from acid and corrosion.
   Will:      It increases your willpower.
   Stlth:     It makes you less stealthy.
Armour
 k - the +1 pair of gloves of Ywadir (worn) {Harm +Blink rElec Str-3}
   (You bought it in a shop on level 8 of the Dungeon)

   Str:       It affects your strength (-3).
   rElec:     It insulates you from electricity.
   +Blink:    It lets you blink.
   Harm:      It increases damage dealt and taken.
 l - the +2 cloak of the Nexus (worn) {rC+}
   (You acquired it on level 7 of the Dungeon)

   rC:        It protects you from cold.
 r - +12 gold dragon scales (worn)
 x - the +1 pair of boots of Least Resistance (worn) {Regen+ Int+7 Dex-2 Stlth+}
   (You bought it in a shop in a bazaar)

   Int:       It affects your intelligence (+7).
   Dex:       It affects your dexterity (-2).
   Regen:     It increases your rate of health regeneration.
   Stlth:     It makes you more stealthy.
 Y - a +2 hat of stealth (worn)
Jewellery
 b - the ring "Fizuklun" {rPois rF+ SInv}
   (You acquired it on level 7 of the Dungeon)

   [ring of see invisible]

   rF:        It protects you from fire.
   rPois:     It protects you from poison.
   SInv:      It lets you see invisible.
 d - the amulet of Lust {Reflect Dex+4 SH+5}
   (You found it on level 1 of the Lair of Beasts)

   [amulet of reflection]

   It reflects blocked missile attacks.
   Dex:       It affects your dexterity (+4).
   SH:        It affects your SH (+5).
 j - the ring of Fuciheuw {rC+ Int+2}
   (You found it on level 2 of the Spider Nest)

   [ring of protection from cold]

   Int:       It affects your intelligence (+2).
   rC:        It protects you from cold.
 p - the amulet "Oragal" (around neck) {-Cast +Blink Will++ Regen+ SInv}
   (You acquired it on level 7 of the Dungeon)

   [amulet of regeneration]

   SInv:      It lets you see invisible.
   +Blink:    It lets you blink.
   -Cast:     It prevents spellcasting.
   Regen:     It increases your rate of health regeneration.
   Will:      It greatly increases your willpower.
 q - the ring of Red Wine {rPois rC+ rCorr AC+4 Int-3}
   (You bought it in a shop on level 1 of the Elven Halls)

   [ring of protection]

   AC:        It affects your AC (+4).
   Int:       It affects your intelligence (-3).
   rC:        It protects you from cold.
   rPois:     It protects you from poison.
   rCorr:     It protects you from acid and corrosion.
 L - the ring "Akkac" {rC+ rN+ Str+2}
   (You found it on level 3 of the Crypt)

   [ring of positive energy]

   Str:       It affects your strength (+2).
   rC:        It protects you from cold.
   rN:        It protects you from negative energy.
 N - the ring of Winter (left hand) {Fly rF+ rN+ Slay+3}
   (You found it on level 3 of the Crypt)

   [ring of positive energy]

   Slay:      It affects your accuracy & damage with ranged weapons and melee
   (+3).
   rF:        It protects you from fire.
   rN:        It protects you from negative energy.
   Fly:       It grants you flight.
 R - the ring of the Raven {Fire rElec rN+}
   (You took it off an orc warlord on level 2 of the Vaults)

   [ring of fire]

   It enhances your fire magic.
   rF:        It protects you from fire.
   rC:        It makes you vulnerable to cold.
   rElec:     It insulates you from electricity.
   rN:        It protects you from negative energy.
 T - the ring "Bodi" (right hand) {Fly rPois rN+ Str+3}
   (You found it on level 2 of the Vaults)

   [ring of positive energy]

   Str:       It affects your strength (+3).
   rPois:     It protects you from poison.
   rN:        It protects you from negative energy.
   Fly:       It grants you flight.
 W - the ring of Mioxoyno {Contam Fly rElec rCorr}
   (You found it in the Desolation of Salt)

   [ring of flight]

   rElec:     It insulates you from electricity.
   Fly:       It grants you flight.
   Contam:    It causes magical contamination when unequipped.
   rCorr:     It protects you from acid and corrosion.
Wands
 t - a wand of iceblast (57)
 u - a wand of mindburst (59)
 C - a wand of flame (69)
 G - a wand of paralysis (30)
 K - a wand of digging (24)
 M - a wand of polymorph (34) (quivered)
 S - a wand of light (33)
Scrolls
 c - 23 scrolls of identify
 e - a scroll of summoning
 f - 23 scrolls of teleportation
 g - 9 scrolls of fear
 h - 7 scrolls of poison
 m - 7 scrolls of fog
 o - 8 scrolls of magic mapping
 w - 5 scrolls of enchant armour
 y - 7 scrolls of enchant weapon
 E - 8 scrolls of blinking
 P - 4 scrolls of silence
 U - 2 scrolls of brand weapon
Potions
 i - 25 potions of curing
 n - 9 potions of flight
 v - 3 potions of magic
 z - 6 potions of invisibility
 A - a potion of might
 B - 2 potions of heal wounds
 D - 10 potions of mutation
 F - 4 potions of haste
 I - 2 potions of cancellation
 X - 6 potions of resistance
Miscellaneous
 H - a lightning rod (4/4)


   Skills:
 + Level 25.9 Fighting
 O Level 27 Axes
 O Level 27 Armour
 + Level 26.9 Dodging
 + Level 21.3 Evocations


You had 25 spell levels left.
You didn't know any spells.
Your spell library was empty.

Dungeon Overview and Level Annotations

Branches:
Dungeon (15/15)            Temple (0/1) D:5            Lair (5/5) D:8
  Swamp (4/4) Lair:3       Spider (4/4) Lair:3        Slime (5/5) Lair:4
    Orc (2/2) D:9             Elf (3/3) Orc:2        Vaults (5/5) D:13
  Crypt (3/3) Vaults:2       Tomb (3/3) Crypt:3      Depths (4/4) D:15
    Zot (0/5) Depths:4      IceCv (visited)         Desolation (visited)

Altars:
Elyvilon
Gozag
Nemelex Xobeh
Okawaru
Qazlal
Ru
Sif Muna
Uskayaw
Vehumet
Wu Jian
Xom
Yredelemnul
Zin
The Shining One
Jiyva

Shops:
D:4 *   D:8 [   Orc:1 :   Orc:2 [*(=   Elf:1 ?[([:[:=   Elf:2 [   Vaults:1 !
Vaults:5 *[!!   Depths:1 ([*(

Portals:
Hell: Depths:1 Depths:2 Depths:3 Depths:4
Abyss: D:13 Depths:2 Depths:3 Depths:4
Pandemonium: Depths:2 Depths:3 Depths:4
Ziggurat: Depths:4

Annotations:
Lair:1 exclusion: oklob plant, jazmu's ghost, journeyman DgHu
Elf:2 1 runed translucent door
Vaults:3 2 transporters, exclusion: obsidian statue
Tomb:1 6 exclusions


Innate Abilities, Weirdness & Mutations

You have a pair of horns on your head.
You reflexively headbutt those who attack you in melee.
You are partially covered in iridescent scales. (AC +2)
Your mind is acute. (Int +4, Str/Dex -1)
You are covered in fur. (AC +1)


Message History

The mummy misses you.
A mummy comes into view.
You slice the ancient champion!! You burn the ancient champion!
The ancient champion is severely damaged.
You completely miss the death scarab. You slice the mummy!! You burn the mummy.
You destroy the mummy!
Trog accepts your kill.
You hit the guardian mummy. You burn the guardian mummy.
You cut the guardian mummy into ribbons!!!
You burn the guardian mummy.
You destroy the guardian mummy!
Trog accepts your kill.
You feel extremely nervous for a moment...
Your body is wracked with pain!
* * * LOW HITPOINT WARNING * * *
x2 The guardian mummy is destroyed!
You hear a loud "Zot"!
A malignant aura surrounds the twister.
You hear a loud "Zot"!
A royal mummy comes into view.
The skeletal warrior closely misses you.
The royal mummy calls on the powers of darkness!
The bennu convulses!
Your body is wracked with pain!
* * * LOW HITPOINT WARNING * * *
The mummy priest completely misses you. You furiously retaliate!
You headbutt the mummy priest!!
The death scarab bites you but does no damage.
You barely miss the skeletal warrior.
Your headbutt misses the skeletal warrior.
The skeletal warrior is moderately damaged.
You slash the death scarab! You burn the death scarab.
You closely miss the bennu.
You closely miss the spriggan defender skeleton.
You barely miss the guardian mummy. You slash the mummy priest!
You burn the mummy priest. You slash the death scarab!
You burn the death scarab.
You destroy the death scarab!
The death scarab's corpse disappears in a puff of smoke!
The bennu pecks you!
You die...

########
#§§§zzM#
#§z.§bM#
#§§v§@z#
#.§§BZM#
#§§§☼§§#
#§§§§§M#
+..§M∩99


#.M.MMM#M #(.M..M#. #M...M.# . You could see a twister (summoned, vortex), 4
royal mummies, a bennu, 2 ancient champions, 2 mummy priests, 2 skeletal
warriors, 6 guardian mummies, 2 ushabtiu, a death scarab (summoned), 2 mummies
and a spriggan defender skeleton.

Vanquished Creatures
  the Royal Jelly (Slime:5)
  A dread lich (Crypt:3)
  An ancient lich (Crypt:3)
  The ghost of Hom Cuaz the Stormcaller, a master HuEE of Jiyva (Depths:1)
  Josephina (Crypt:3)
  5 royal mummies
  Boris (Depths:4)
  Bai Suzhen (Vaults:3)
  4 golden dragons
  the Enchantress (Depths:4)
  A bone dragon (Crypt:3)
  A profane servitor (D:13)
  Nikola (Swamp:4)
  A Tzitzimitl (Tomb:3)
  3 doom hounds (Depths:4)
  Jorgrun (D:15)
  The ghost of jt the Wrestler, an adept DrTm of Trog (Swamp:4)
  Rupert (Lair:4)
  Arachne (Spider:2)
  Mlioglotl (Swamp:4)
  3 tentacled monstrosities
  4 titans (Vaults:5)
  Grunn (Depths:4)
  7 liches
  22 acid blobs
  A quicksilver dragon (Vaults:5)
  4 deep elf master archers (Elf:3)
  A deep elf blademaster (Elf:3)
  Gastronok (Lair:3)
  A tentacled starspawn (Abyss:1)
  11 sphinxes
  2 storm dragons
  12 ancient champions
  The ghost of Cewk the Eclecticist, an adept DEVM of Sif Muna (Vaults:2)
  2 thorn hunters
  7 rockslimes
  5 tengu reavers (Vaults:5)
  5 shadow dragons
  8 azure jellies (Slime:5)
  2 fenstrider witches
  3 deep elf sorcerers
  3 revenants
  Kirke (D:12)
  2 draconian knights (Depths:4)
  The ghost of Zachydoop the Severer, a journeyman DsGl of Ru (Swamp:2)
  7 emperor scorpions
  6 fire giants
  An imperial myrmidon (Desolation)
  14 frost giants
  15 vault wardens
  4 ghost moths
  2 iron dragons
  2 angels (Vaults:3)
  3 curse skulls
  4 ghouls (Crypt:1)
  4 deep elf elementalists (Elf:3)
  2 orc warlords
  Aizul (Vaults:1)
  3 spriggan defenders (Depths:4)
  A caustic shrike zombie (Tomb:3)
  17 ironbound preservers
  28 very ugly things
  4 broodmothers
  2 reapers (Crypt:3)
  An eleionoma (Swamp:3)
  8 quicksilver oozes
  5 vampire knights
  6 ironbound thunderhulks
  Nessos (Lair:4)
  4 deep elf demonologists
  18 stone giants
  2 war gargoyles
  A black draconian (Depths:4)
  13 bennus
  2 halazid warlocks (Desolation)
  A yellow draconian (Depths:4)
  4 bunyips
  9 deep elf annihilators
  18 spark wasps
  4 white draconians
  12 dire elephants
  A purple draconian (Depths:4)
  A quicksilver dragon zombie (D:15)
  4 eidola
  10 deep elf death magi
  2 green deaths
  12 ettins
  4 crystal guardians
  10 jiangshi
  19 mummy priests
  15 great orbs of eyes
  An entropy weaver (shapeshifter) (D:15)
  6 entropy weavers
  2 shambling mangroves (Swamp:4)
  11 deep elf high priests
  7 fire dragons
  8 ragged hierophants (Desolation)
  10 ice dragons
  2 spriggan zombies
  27 hydras
  3 peacekeepers
  Fannar (Lair:3)
  3 rakshasas
  3 death knights (Crypt:2)
  17 yaktaur captains
  31 vault guards
  5 servants of whispers (Desolation)
  A ghost crab (Swamp:1)
  3 catoblepae
  A caustic shrike simulacrum (Crypt:3)
  8 ogre magi
  The ghost of Rirphuq the Nimble, a journeyman DECj of Sif Muna (D:13)
  18 ironbound frosthearts
  2 jorogumos
  4 radroaches
  A spriggan skeleton (Tomb:1)
  17 centaur warriors
  6 spriggan air magi
  9 boulder beetles
  7 tengu warriors
  10 alligators
  33 death scarabs
  37 dancing weapons
  8 deep troll shamans
  3 death yaks (Lair:3)
  6 spriggan berserkers
  10 two-headed ogres
  A thrashing horror (Abyss:1)
  2 shock serpents (Depths:1)
  4 deep troll earth magi
  7 orc high priests
  9 vampire magi
  Urug (D:12)
  2 titan skeletons
  24 deep elf knights
  A shock serpent (shapeshifter) (Vaults:2)
  2 sun demons
  A wretched star (D:13)
  A hell knight (Vaults:2)
  18 skeletal warriors
  7 iron trolls
  Sonja (Orc:2)
  Nergalle (D:11)
  A storm dragon zombie (Depths:1)
  2 shadow wraiths (Crypt:3)
  3 sixfirhies
  4 sun moths
  A golden dragon zombie (D:15)
  A soul eater (Crypt:2)
  3 pharaoh ants
  2 sea snakes (Depths:1)
  2 death drakes
  4 goliath frogs
  2 spriggan druids
  5 glowing orange brains
  A glowing orange brain (shapeshifter) (Vaults:2)
  10 orb spiders
  5 wizards
  8 flayed ghosts
  A shadow demon (Depths:2)
  10 swamp dragons
  An orange crystal statue (IceCv)
  A tengu zombie (Depths:1)
  An iron giant skeleton (Crypt:1)
  39 deep trolls
  18 phantasmal warriors
  10 bog bodies
  8 lindwurms (Vaults:1)
  17 ironbound convokers
  8 necromancers
  17 orc knights
  A shadow dragon zombie (Depths:1)
  20 deep elf archers
  11 steelbarb worms
  A spriggan simulacrum (Crypt:3)
  38 ugly things
  8 harpies
  An anaconda skeleton (Crypt:3)
  4 manticores
  2 mana vipers (Depths:1)
  A mana viper (shapeshifter) (Vaults:2)
  3 orc sorcerers (Orc:2)
  31 deep elf pyromancers
  31 deep elf zephyrmancers
  A cyclops (shapeshifter) (Vaults:2)
  A frost giant zombie (D:15)
  5 will-o-the-wisps
  8 shining eyes
  27 wolf spiders
  2 worldbinders (Depths:1)
  2 moths of wrath
  9 apocalypse crabs
  3 cyclopes
  6 elephants (Lair:5)
  A dire elephant zombie (Crypt:2)
  A naga mage (Depths:1)
  7 black mambas
  2 guardian serpents (Desolation)
  19 vault sentinels
  78 slime creatures
  A water nymph (shapeshifter) (Vaults:5)
  A molten gargoyle (Desolation)
  A cane toad (shapeshifter) (D:15)
  6 demonic crawlers
  A guardian serpent (shapeshifter) (D:13)
  An unseen horror (D:13)
  2 torpor snails
  An orange demon (Depths:4)
  19 cane toads
  4 eyes of devastation
  2 gargoyles (D:14)
  2 smoke demons (Abyss:1)
  2 elephant slug zombies (Crypt:3)
  A death yak zombie (Crypt:3)
  5 komodo dragons
  9 rime drakes
  A kobold demonologist (Depths:3)
  34 yaktaurs
  A bunyip simulacrum (Crypt:3)
  A green draconian skeleton (Crypt:3)
  A mana viper zombie (Crypt:3)
  3 ice devils
  4 freezing wraiths
  3 anaconda simulacra
  2 ancient zymes (Abyss:1)
  28 guardian mummies
  6 tengu conjurers
  11 polar bears
  4 hellwings
  A bloated husk (Swamp:4)
  9 meliai
  A tengu simulacrum (Depths:1)
  A queen bee (shapeshifter) (Vaults:5)
  4 red devils
  A hydra skeleton (Crypt:3)
  18 hornets
  10 trolls
  15 tyrant leeches
  37 saltlings (Desolation)
  39 tarantellas
  A wolf spider simulacrum (D:15)
  3 raiju
  29 blink frogs
  A harpy skeleton (Crypt:3)
  A snapping turtle (shapeshifter) (Vaults:5)
  6 dream sheep (Lair:5)
  A dream sheep (shapeshifter) (Vaults:5)
  A raiju (shapeshifter) (Depths:1)
  A radroach zombie (Crypt:2)
  A culicivora (shapeshifter) (D:14)
  A centaur simulacrum (Crypt:3)
  A stone giant simulacrum (Crypt:3)
  27 culicivoras
  An ettin skeleton (Crypt:3)
  3 shadows
  A guardian serpent skeleton (Crypt:3)
  20 flying skulls
  A satyr skeleton (Crypt:3)
  41 jumping spiders
  A black mamba zombie (Crypt:3)
  2 vampires
  3 ynoxinuls
  2 air elementals
  7 hogs
  4 wyverns
  4 water elementals
  12 spriggans
  10 wraiths
  4 fire elementals
  14 golden eyes
  A steam dragon (Lair:1)
  30 yaks
  3 basilisks
  A basilisk (shapeshifter) (D:9)
  2 chaos spawn
  4 ushabtiu
  3 neqoxecs (Abyss:1)
  8 vampire mosquitoes
  A swamp worm (shapeshifter) (Vaults:5)
  57 redbacks
  4 wargs
  A demonspawn zombie (Crypt:2)
  6 acid dragons
  16 water moccasins
  3 hell hounds (Abyss:1)
  13 swamp worms
  A demonspawn skeleton (Tomb:1)
  A black bear (shapeshifter) (D:15)
  6 black bears
  A floating eye (Slime:3)
  A sky beast (Depths:1)
  38 orc warriors
  A hornet zombie (Crypt:3)
  10 swamp drakes
  A merfolk simulacrum (Crypt:2)
  4 ice beasts
  9 ogres
  14 wolves
  A hog zombie (Crypt:1)
  A snapping turtle skeleton (Crypt:1)
  2 boggarts (Depths:1)
  15 centaurs
  A phantom (D:5)
  5 kobold brigands
  4 gnoll sergeants
  19 bullfrogs
  A draconian skeleton (Crypt:2)
  A scorpion (D:5)
  2 earth elementals
  A cyclops skeleton (Crypt:3)
  18 killer bees
  An electric eel (Lair:5)
  A vampire bat (Depths:1)
  A warg skeleton (Crypt:1)
  A howler monkey (D:8)
  4 centaur zombies
  2 quasits (Abyss:1)
  2 gnoll boudas
  6 hounds
  5 jellies (Lair:4)
  14 starcursed masses (Abyss:1)
  28 orc priests
  A bullfrog skeleton (Crypt:1)
  13 human skeletons
  2 scorpion zombies (Crypt:2)
  An iguana (D:6)
  Terence (D:2)
  4 lightning spires (Depths:1)
  35 orc wizards
  4 small abominations (Abyss:1)
  A tengu skeleton (Crypt:2)
  A hound zombie (D:3)
  51 mummies
  Robin (D:3)
  6 adders
  25 gnolls
  A swamp drake zombie (Crypt:2)
  A shadow imp (D:5)
  3 white imps
  5 ufetubi
  An adder zombie (D:3)
  A lava snake skeleton (Crypt:2)
  2 worms
  2 dart slugs
  117 orcs
  3 ball pythons
  3 bats
  A bat zombie (Crypt:1)
  8 endoplasms
  3 giant cockroaches
  12 goblins
  8 hobgoblins
  6 jackals
  4 quokkas
  A ball python zombie (D:3)
  An endoplasm zombie (Crypt:1)
  2 frilled lizards (D:3)
  A frilled lizard skeleton (Crypt:2)
  2 hobgoblin zombies (D:7)
  A jackal skeleton (Crypt:1)
  21 kobolds
  3 orc zombies
  A quokka skeleton (D:3)
  5 rats (D:1)
  14 briar patches
  A plant (Crypt:2)
2612 creatures vanquished.

Vanquished Creatures (others)
  A deep elf elementalist (Elf:3)
  2 deep elf knights
  A wizard (Vaults:3)
  A wolf spider (Spider:4)
  A guardian mummy (Tomb:3)
  A bloated husk (Swamp:1)
  A flying skull (Tomb:3)
  An orc wizard (D:12)
  An orc (Orc:2)
  2 ball lightnings (Depths:1)
  A briar patch (Swamp:4)
  3 bushes (Lair:3)
  24 foxfires
  32 fungi
  57 plants
  4 starspawn tentacles (Abyss:1)
  14 withered plants
147 creatures vanquished.

Grand Total: 2759 creatures vanquished

Notes
Turn   | Place    | Note
-------+----------+-------------------------------------------
     0 | D:1      | Absynth the Minotaur Berserker began the quest for the Orb.
     0 | D:1      | Reached XP level 1. HP: 19/19 MP: 0/0
   160 | D:1      | Reached XP level 2. HP: 24/27 MP: 1/1
  1093 | D:2      | Reached XP level 3. HP: 33/33 MP: 2/2
  1252 | D:2      | Noticed Terence
  1255 | D:2      | Killed Terence
  1415 | D:2      | Found a faded altar of an unknown god.
  1859 | D:3      | Reached XP level 4. HP: 40/40 MP: 3/3
  1865 | D:3      | Reached ** piety under Trog
  1881 | D:3      | Noticed Robin
  1897 | D:3      | Killed Robin
  2082 | D:3      | Reached skill level 5 in Axes
  2318 | D:3      | Reached XP level 5. HP: 45/47 MP: 4/4
  2742 | D:4      | Reached *** piety under Trog
  2908 | D:4      | Found a shimmering blue altar of Sif Muna.
  2935 | D:4      | Found an opulent altar of Gozag.
  3056 | D:4      | Found Nedgh's Gadget Gallery.
  3387 | D:5      | Entered Level 5 of the Dungeon
  3413 | D:5      | Noticed a centaur
  3424 | D:5      | Killed a centaur
  3508 | D:5      | Reached XP level 6. HP: 55/55 MP: 5/5
  3533 | D:5      | Reached skill level 5 in Fighting
  3760 | D:5      | Reached XP level 7. HP: 61/61 MP: 6/6
  3850 | D:5      | Found a staircase to the Ecumenical Temple.
  4362 | D:6      | Reached skill level 5 in Armour
  4671 | D:6      | Reached skill level 5 in Dodging
  4671 | D:6      | Reached XP level 8. HP: 65/70 MP: 7/7
  4922 | D:6      | Found a stormy altar of Qazlal.
  5132 | D:7      | Found a sparkling altar of Nemelex Xobeh.
  5654 | D:7      | Identified 3 scrolls of acquirement
  5654 | D:7      | Acquired the +2 cloak of the Nexus {rC+}
  5667 | D:7      | Acquired the ring "Fizuklun" {rPois rF+ SInv}
  5669 | D:7      | Acquired the amulet "Oragal" {-Cast +Blink Will++ Regen+
                  | SInv}
  5779 | D:8      | Reached **** piety under Trog
  5873 | D:8      | Reached skill level 1 in Evocations
  5882 | D:8      | Reached XP level 9. HP: 39/79 MP: 8/8
  5949 | D:8      | Reached skill level 10 in Axes
  6187 | D:8      | Found a staircase to the Lair.
  6423 | D:8      | Reached XP level 10. HP: 65/88 MP: 9/9
  6477 | D:8      | Found Cifaneti's Antique Armour Boutique.
  6481 | D:8      | Bought a pair of glimmering gloves for 228 gold pieces
  6481 | D:8      | Identified the +1 pair of gloves of Ywadir {Harm +Blink
                  | rElec Str-3} (You bought it in a shop on level 8 of the
                  | Dungeon)
  6573 | D:8      | Found a radiant altar of Vehumet.
  6603 | D:8      | Found a basalt altar of Yredelemnul.
  6922 | D:9      | Found a sacrificial altar of Ru.
  7016 | D:9      | Reached ***** piety under Trog
  7169 | D:9      | Noticed a manticore
  7201 | D:9      | Killed a manticore
  7261 | D:9      | Noticed a cyan ugly thing
  7275 | D:9      | Killed a cyan ugly thing
  7429 | D:9      | Found a staircase to the Orcish Mines.
  7888 | D:9      | Received a gift from Trog
  8003 | D:9      | Reached XP level 11. HP: 94/97 MP: 10/10
  8220 | D:10     | Entered Level 10 of the Dungeon
  8266 | D:10     | Noticed a two-headed ogre
  8274 | D:10     | Killed a two-headed ogre
  8401 | D:10     | Found a shimmering altar of Xom.
  8490 | D:10     | Found an iron altar of Okawaru.
  8635 | D:10     | Found a hide-covered altar of Uskayaw.
  8739 | D:11     | Noticed a two-headed ogre
  8745 | D:11     | Killed a two-headed ogre
  9002 | D:11     | Reached skill level 15 in Axes
  9030 | D:11     | Noticed a two-headed ogre
  9035 | D:11     | Killed a two-headed ogre
  9279 | D:11     | Found a sacrificial altar of Ru.
  9316 | D:11     | Noticed a purple ugly thing
  9326 | D:11     | Killed a purple ugly thing
  9351 | D:11     | Noticed Nergalle
  9355 | D:11     | Noticed a spectral orc warlord
  9360 | D:11     | Killed Nergalle
  9482 | D:12     | Noticed a green ugly thing
  9492 | D:12     | Killed a green ugly thing
  9493 | D:12     | Reached XP level 12. HP: 85/104 MP: 11/11
  9686 | D:12     | Noticed Kirke
  9691 | D:12     | Noticed Urug
  9700 | D:12     | Killed Kirke
  9703 | D:12     | Killed Urug
 10020 | D:13     | Noticed a great orb of eyes
 10030 | D:13     | Found a transporter.
 10043 | D:13     | Found a transporter.
 10049 | D:13     | Noticed a profane servitor
 10055 | D:13     | Found a one-way gate to the infinite horrors of the Abyss.
 10055 | D:13     | Noticed Rirphuq's ghost (journeyman DECj)
 10059 | D:13     | Noticed a two-headed ogre
 10060 | D:13     | Found a gate to the Vaults.
 10060 | D:13     | Noticed a two-headed ogre
 10081 | D:13     | Killed a two-headed ogre
 10082 | D:13     | Reached skill level 5 in Evocations
 10086 | D:13     | Killed a two-headed ogre
 10135 | D:13     | Noticed an ogre mage
 10142 | D:13     | Killed an ogre mage
 10143 | D:13     | Reached skill level 10 in Fighting
 10264 | D:13     | Identified the +7 dagger of Popular Demand {protect, rF+
                  | rCorr Stlth-}
 10275 | D:13     | Received a gift from Trog
 10348 | D:13     | Reached skill level 10 in Armour
 10797 | D:13     | Killed a great orb of eyes
 10945 | D:13     | Killed a profane servitor
 10946 | D:13     | Reached XP level 13. HP: 25/115 MP: 12/12
 10947 | Abyss:1  | Cast into level 1 of the Abyss (orc knight)
 11074 | Abyss:1  | Noticed a starcursed mass
 11123 | Abyss:1  | Found a corrupted altar of Lugonu.
 11123 | Abyss:1  | Found a corrupted altar of Lugonu.
 11204 | Abyss:1  | Found a corrupted altar of Lugonu.
 11204 | Abyss:1  | Found a corrupted altar of Lugonu.
 11217 | Abyss:1  | Lost intelligence.
 11221 | Abyss:1  | Gained mutation: You are frail. (-10% HP) [a neqoxec]
 11224 | Abyss:1  | Paralysed by an air elemental for 1 turns
 11234 | Abyss:1  | Reached skill level 10 in Dodging
 11318 | Abyss:1  | Noticed a starcursed mass
 11411 | Abyss:1  | Noticed a tentacled starspawn
 11418 | Abyss:1  | Killed a tentacled starspawn
 11501 | Abyss:1  | Found an opulent altar of Gozag.
 11535 | Abyss:1  | Noticed a cacodemon
 11597 | D:13     | Escaped the Abyss
 11617 | D:13     | Killed Rirphuq's ghost
 11617 | D:13     | Received a gift from Trog
 11725 | D:13     | Lost mutation: You are frail. (-10% HP) [potion of
                  | mutation]
 11725 | D:13     | Gained mutation: You expend magic power (3 MP) to
                  | strengthen your wands. [potion of mutation]
 11725 | D:13     | Gained mutation: You are weak. (Str -2) [potion of
                  | mutation]
 11725 | D:13     | Gained mutation: You occasionally lose the ability to read
                  | scrolls when taking damage. [potion of mutation]
 11725 | D:13     | Gained mutation: Your flesh is heat resistant. (rF+)
                  | [potion of mutation]
 11726 | D:13     | Lost mutation: You occasionally lose the ability to read
                  | scrolls when taking damage. [potion of mutation]
 11726 | D:13     | Lost mutation: You expend magic power (3 MP) to strengthen
                  | your wands. [potion of mutation]
 11726 | D:13     | Lost mutation: You are weak. (Str -2) [potion of mutation]
 11726 | D:13     | Gained mutation: You passively dampen the noise of your
                  | surroundings. [potion of mutation]
 11726 | D:13     | Gained mutation: You are robust. (+10% HP) [potion of
                  | mutation]
 12140 | D:14     | Found a portal to a secret trove of treasure.
 12791 | D:15     | Entered Level 15 of the Dungeon
 12855 | D:15     | Reached XP level 14. HP: 129/137 MP: 13/13
 12983 | D:15     | Noticed Jorgrun
 12995 | D:15     | Killed Jorgrun
 13745 | D:15     | Found a staircase to the Depths.
 13771 | D:15     | Received a gift from Trog
 13949 | D:15     | Found the +8 trishula "Condemnation" {holy, anguish, *Noise
                  | Fly rN+}
 14129 | Lair:1   | Entered Level 1 of the Lair of Beasts
 14462 | Lair:1   | You are sucked into a shaft and drop 1 floor!
 14569 | Lair:1   | Found a transporter.
 14578 | Lair:1   | Found a transporter.
 14644 | Lair:1   | Noticed jazmu's ghost (journeyman DgHu)
 14818 | Lair:1   | Identified the amulet of Lust {Reflect Dex+4 SH+5}
 15598 | Lair:3   | Noticed Fannar
 15611 | Lair:3   | Killed Fannar
 15655 | Lair:3   | Found a staircase to the Swamp.
 15717 | Lair:3   | Reached ****** piety under Trog
 15723 | Lair:3   | Received a gift from Trog
 15905 | Lair:3   | Found a hole to the Spider Nest.
 16112 | Lair:3   | Noticed Gastronok
 16122 | Lair:3   | Killed Gastronok
 16123 | Lair:3   | Reached XP level 15. HP: 118/149 MP: 14/14
 16563 | Lair:4   | Found a viscous altar of Jiyva.
 16572 | Lair:4   | Found a staircase to the Slime Pits.
 16629 | Lair:4   | Noticed Rupert
 16638 | Lair:4   | Killed Rupert
 16734 | Lair:4   | Noticed Nessos
 16746 | Lair:4   | Killed Nessos
 17243 | Lair:5   | Entered Level 5 of the Lair of Beasts
 17336 | Lair:5   | Identified the +5 scale mail "Mitsy" {rCorr MP+9}
 17468 | Lair:5   | Reached skill level 15 in Armour
 17663 | Lair:5   | Identified the +10 battleaxe "Spiderslayer" {flame, Will+
                  | rCorr Str+2 Dex+4 Stlth-} (Trog gifted it to you on level 5
                  | of the Lair of Beasts)
 17663 | Lair:5   | Received a gift from Trog
 18306 | Orc:1    | Entered Level 1 of the Orcish Mines
 18542 | Orc:1    | Found Zesom's Vocational Training.
 18631 | Orc:2    | Entered Level 2 of the Orcish Mines
 18784 | Orc:2    | Noticed Sonja
 18819 | Orc:2    | Received a gift from Trog
 18873 | Orc:2    | Killed Sonja
 18881 | Orc:2    | Found a staircase to the Elven Halls.
 19023 | Orc:2    | Reached skill level 10 in Evocations
 19121 | Orc:2    | Found Ynitsits's General Store.
 19124 | Orc:2    | Received a gift from Trog
 19133 | Orc:2    | Found Guum's Jewellery Boutique.
 19135 | Orc:2    | Found Moniump's Antique Armour Shop.
 19135 | Orc:2    | Found Lionwy's Antique Weapon Shop.
 19141 | Orc:2    | Bought a scorched broad axe for 324 gold pieces
 19141 | Orc:2    | Identified the +5 broad axe of Arrival {flame, rPois Int+7}
                  | (You bought it in a shop on level 2 of the Orcish Mines)
 19647 | Spider:1 | Entered Level 1 of the Spider Nest
 19706 | Spider:1 | Reached XP level 16. HP: 126/161 MP: 15/15
 20075 | Spider:1 | Received a gift from Trog
 20225 | Spider:1 | Reached skill level 15 in Fighting
 20789 | Spider:2 | Found a frozen archway.
 20793 | IceCv    | Entered an ice cave
 20885 | IceCv    | Received a gift from Trog
 21673 | Spider:2 | Identified the ring of Fuciheuw {rC+ Int+2}
 21704 | Spider:2 | Reached XP level 17. HP: 164/173 MP: 16/16
 21876 | Spider:2 | Noticed Arachne
 21896 | Spider:2 | Killed Arachne
 22281 | Spider:2 | Received a gift from Trog
 23481 | Spider:4 | Entered Level 4 of the Spider Nest
 23565 | Spider:4 | Reached skill level 15 in Dodging
 23585 | Spider:4 | Received a gift from Trog
 24281 | Spider:4 | Got a gossamer rune of Zot
 24723 | Vaults:1 | Entered Level 1 of the Vaults
 24795 | Vaults:1 | Received a gift from Trog
 24799 | Vaults:1 | Reached XP level 18. HP: 150/184 MP: 17/17
 24998 | Vaults:1 | Found Dejoobut's Distillery.
 25648 | Vaults:1 | Noticed Aizul
 25656 | Vaults:1 | Killed Aizul
 25744 | Vaults:1 | Received a gift from Trog
 26424 | Vaults:2 | Found a huge runed gate.
 26424 | Vaults:2 | Found a huge runed gate.
 26424 | Vaults:2 | Found a huge runed gate.
 26424 | Vaults:2 | Found a huge runed gate.
 26424 | Vaults:2 | Found a huge runed gate.
 26424 | Vaults:2 | Found a huge runed gate.
 26424 | Vaults:2 | Found a huge runed gate.
 26424 | Vaults:2 | Found a huge runed gate.
 26424 | Vaults:2 | Found a huge runed gate.
 26424 | Vaults:2 | Found a huge runed gate.
 26429 | Vaults:2 | Found a huge runed gate.
 26429 | Vaults:2 | Found a huge runed gate.
 26429 | Vaults:2 | Found a huge runed gate.
 26429 | Vaults:2 | Found a huge runed gate.
 26429 | Vaults:2 | Found a huge runed gate.
 26429 | Vaults:2 | Found a huge runed gate.
 26429 | Vaults:2 | Found a huge runed gate.
 26430 | Vaults:2 | Found a huge runed gate.
 26431 | Vaults:2 | Found a huge runed gate.
 26439 | Vaults:2 | Found a huge runed gate.
 26439 | Vaults:2 | Found a huge runed gate.
 26439 | Vaults:2 | Found a huge runed gate.
 26439 | Vaults:2 | Found a huge runed gate.
 26439 | Vaults:2 | Found a huge runed gate.
 26439 | Vaults:2 | Found a huge runed gate.
 26439 | Vaults:2 | Found a huge runed gate.
 26440 | Vaults:2 | Found a huge runed gate.
 26441 | Vaults:2 | Found a huge runed gate.
 26450 | Vaults:2 | Found a huge runed gate.
 26450 | Vaults:2 | Found a huge runed gate.
 26450 | Vaults:2 | Found a huge runed gate.
 26450 | Vaults:2 | Found a huge runed gate.
 26450 | Vaults:2 | Found a huge runed gate.
 26450 | Vaults:2 | Found a huge runed gate.
 26451 | Vaults:2 | Found a huge runed gate.
 26452 | Vaults:2 | Found a huge runed gate.
 26532 | Vaults:2 | Found a staircase to the Crypt.
 27243 | Vaults:2 | Found a runed translucent gate.
 27243 | Vaults:2 | Found a runed translucent gate.
 27243 | Vaults:2 | Found a runed translucent gate.
 27243 | Vaults:2 | Noticed Cewk's ghost (adept DEVM)
 27498 | Vaults:2 | Identified the ring of the Raven {Fire rElec rN+}
 27519 | Vaults:2 | Killed Cewk's ghost
 27520 | Vaults:2 | Reached XP level 19. HP: 171/196 MP: 18/18
 27532 | Vaults:2 | Received a gift from Trog
 27626 | Vaults:2 | Identified the +0 robe "Ashyfuha" {Dex+2}
 27795 | Vaults:2 | Identified the +9 shortbow of Oenomania {flame, rF+}
 27796 | Vaults:2 | Identified the ring "Bodi" {Fly rPois rN+ Str+3}
 27910 | Vaults:3 | Found a crumbling gateway.
 27912 | Vaults:3 | Found a glowing silver altar of Zin.
 27912 | Vaults:3 | Found a white marble altar of Elyvilon.
 27925 | Vaults:3 | Found a glowing golden altar of the Shining One.
 27931 | Desolati | Entered the Desolation of Salt
 28104 | Desolati | Received a gift from Trog
 28158 | Desolati | Identified the +2 robe of the Soldier {Str+3 Stlth+}
 28229 | Desolati | Identified the +1 dire flail of Yesterday {flame, rElec
                  | rPois MP+9 Dex+3}
 28236 | Desolati | Identified the ring of Mioxoyno {Contam Fly rElec rCorr}
 28387 | Vaults:3 | Identified the +7 morningstar of the Extremes {speed, rN+
                  | Int+2}
 28450 | Vaults:3 | Found a flickering gateway to a bazaar.
 28459 | Bazaar   | Entered a bazaar
 28475 | Bazaar   | Found Yprideo's Antique Armour Emporium.
 28476 | Bazaar   | Found Begaev's Jewellery Emporium.
 28519 | Bazaar   | Found Numomesh's Magic Scroll Shoppe.
 28519 | Bazaar   | Found Sumneucho's Weapon Shoppe.
 28565 | Bazaar   | Bought a polished plate armour for 672 gold pieces
 28565 | Bazaar   | Identified the +0 plate armour "Zatsua" {rC++} (You bought
                  | it in a shop in a bazaar)
 28565 | Bazaar   | Bought a pair of heavily runed gloves for 228 gold pieces
 28565 | Bazaar   | Identified the +1 pair of gloves "Kirit" {rN+} (You bought
                  | it in a shop in a bazaar)
 28565 | Bazaar   | Bought a pair of slimy boots for 228 gold pieces
 28565 | Bazaar   | Identified the +1 pair of boots of Least Resistance {Regen+
                  | Int+7 Dex-2 Stlth+} (You bought it in a shop in a bazaar)
 28996 | Vaults:3 | Identified the +2 ring mail of Liykle Vaetz {Str-2 Int+5}
 29138 | Vaults:3 | Received a gift from Trog
 29720 | Vaults:3 | Reached XP level 20. HP: 210/210 MP: 19/19
 29726 | Vaults:3 | Noticed Bai Suzhen
 29735 | Vaults:3 | Killed Bai Suzhen
 29751 | Vaults:3 | Found a transporter.
 29784 | Vaults:3 | Found a transporter.
 30615 | Vaults:4 | Received a gift from Trog
 31036 | Vaults:4 | Noticed a golden dragon
 31043 | Vaults:4 | Killed a golden dragon
 31065 | Vaults:4 | Identified the +6 sling "Foukewiw" {elec, rF- rN+ Will+}
 31260 | Vaults:5 | Entered Level 5 of the Vaults
 31594 | Vaults:5 | Identified the +3 triple sword "Tesamm" {elec, rElec rC+
                  | Int-3}
 31595 | Vaults:5 | Noticed a golden dragon
 31611 | Vaults:5 | Identified the +7 battleaxe of the Hidden Wishes {heavy,
                  | +Blink rN+++ rCorr Int-3} (Trog gifted it to you on level 5
                  | of the Vaults)
 31611 | Vaults:5 | Received a gift from Trog
 31616 | Vaults:5 | Killed a golden dragon
 31699 | Vaults:5 | Found Dexau's Distillery.
 31705 | Vaults:5 | Reached skill level 15 in Evocations
 31801 | Vaults:5 | Reached XP level 21. HP: 198/221 MP: 20/20
 31978 | Vaults:5 | Identified the +1 plate armour "Hudel" {rF- Str+6 Stlth+}
 32011 | Vaults:5 | Identified the amulet of the Gastropod {Faith Rampage Drain
                  | Dex+2}
 32018 | Vaults:5 | Found Molecaaga's Armour Shoppe.
 32026 | Vaults:5 | Received a gift from Trog
 32057 | Vaults:5 | Identified the +2 shortbow "Hulk" {heavy, rElec}
 32082 | Vaults:5 | Identified the +0 leather armour of the Everdark {Rampage
                  | rN+ Dex+3}
 32421 | Vaults:5 | Found Fasosk's Assorted Antiques.
 32422 | Vaults:5 | Found Hailaw's Distillery.
 32458 | Vaults:5 | Bought a polished broad axe for 252 gold pieces
 32458 | Vaults:5 | Identified the +6 broad axe "Grim Tooth" {drain, Dex+5}
                  | (You bought it in a shop on level 5 of the Vaults)
 32733 | Vaults:5 | Got a silver rune of Zot
 33024 | D:14     | You paid a toll of +3 storm dragon scales to enter a
                  | treasure trove
 33025 | Trove    | Entered a treasure trove
 33036 | Trove    | Identified the +5 executioner's axe of Wariness {protect,
                  | *Corrode rN+ Will+ Dex+2}
 33047 | Trove    | Identified the +7 executioner's axe "Haxookh" {drain,
                  | rElec}
 33048 | Trove    | Identified the +6 war axe "Jackeax" {drain, Int+3 Stlth+}
 33095 | D:14     | Acquired a manual of Evocations
 33299 | Swamp:1  | Entered Level 1 of the Swamp
 33478 | Swamp:1  | Identified the +5 battleaxe "Unasme" {heavy, *Rage Fly rC+
                  | Str+3} (Trog gifted it to you on level 1 of the Swamp)
 33478 | Swamp:1  | Received a gift from Trog
 34187 | Swamp:2  | Found a runed translucent door.
 34189 | Swamp:2  | Found a shimmering altar of Xom.
 34189 | Swamp:2  | Noticed Zachydoop's ghost (journeyman DsGl)
 34236 | Swamp:2  | Killed Zachydoop's ghost
 34239 | Swamp:2  | Identified the +5 scale mail of Circular Logic {Harm Dex+3}
 34587 | Swamp:3  | Received a gift from Trog
 35014 | Swamp:4  | Entered Level 4 of the Swamp
 35029 | Swamp:4  | Noticed Mlioglotl
 35038 | Swamp:4  | Killed Mlioglotl
 35042 | Swamp:4  | Found a runed translucent gate.
 35042 | Swamp:4  | Found a runed translucent gate.
 35042 | Swamp:4  | Found a runed translucent gate.
 35178 | Swamp:4  | Noticed jt's ghost (adept DrTm)
 35199 | Swamp:4  | Killed jt's ghost
 35405 | Swamp:4  | Noticed Nikola
 35408 | Swamp:4  | Killed Nikola
 35479 | Swamp:4  | Reached XP level 22. HP: 196/234 MP: 21/21
 35638 | Swamp:4  | Got a decaying rune of Zot
 35869 | Slime:1  | Entered Level 1 of the Pits of Slime
 35917 | Slime:1  | Gained mutation: You occasionally lose the ability to read
                  | scrolls when taking damage. [a shining eye]
 35919 | Slime:1  | Gained mutation: Your magical capacity is low. (-10% MP) [a
                  | shining eye]
 35921 | Slime:1  | Gained mutation: You occasionally lose the ability to drink
                  | potions when taking damage. [a shining eye]
 35932 | Slime:1  | Found a viscous altar of Jiyva.
 36003 | Slime:1  | Received a gift from Trog
 36726 | Slime:3  | Paralysed by a floating eye for 2 turns
 36812 | Slime:3  | Gained mutation: You sometimes lose the ability to read
                  | scrolls when taking damage. [a shining eye]
 36850 | Slime:2  | Gained mutation: You sometimes lose the ability to drink
                  | potions when taking damage. [a shining eye]
 36853 | Slime:2  | Lost mutation: Your flesh is heat resistant. (rF+) [a
                  | shining eye]
 36856 | Slime:2  | Gained mutation: Your body sometimes deteriorates upon
                  | taking damage. [a shining eye]
 37375 | Slime:5  | Entered Level 5 of the Pits of Slime
 37428 | Slime:5  | Noticed the Royal Jelly
 37433 | Slime:5  | Received a gift from Trog
 37457 | Slime:5  | Killed the Royal Jelly
 37575 | Slime:5  | Gained mutation: Your spells are a little easier to cast,
                  | but a little less powerful. [a shining eye]
 37583 | Slime:5  | Gained mutation: Your body often deteriorates upon taking
                  | damage. [a shining eye]
 37678 | Slime:5  | Identified the +0 leather armour "Keroap" {Str+3}
 37696 | Slime:5  | Identified the +6 hand axe of the Thing {heavy, rF+ Will-
                  | Int+5}
 37728 | Slime:5  | Got a slimy rune of Zot
 37734 | Slime:5  | Identified the +0 pair of boots of Luram {Drain rN++ Str+2
                  | Int+4}
 37763 | Slime:5  | Identified the +0 robe of the Jolly Xeniums {Str+4}
 38022 | Lair:1   | Lost mutation: Your magical capacity is low. (-10% MP)
                  | [potion of mutation]
 38022 | Lair:1   | Lost mutation: Your spells are a little easier to cast, but
                  | a little less powerful. [potion of mutation]
 38022 | Lair:1   | Lost mutation: You sometimes lose the ability to drink
                  | potions when taking damage. [potion of mutation]
 38022 | Lair:1   | Lost mutation: Your body often deteriorates upon taking
                  | damage. [potion of mutation]
 38023 | Lair:1   | Lost mutation: You are robust. (+10% HP) [potion of
                  | mutation]
 38023 | Lair:1   | Lost mutation: You sometimes lose the ability to read
                  | scrolls when taking damage. [potion of mutation]
 38023 | Lair:1   | Gained mutation: You have a somewhat thin skeletal
                  | structure. (Dex +2, Stealth+) [potion of mutation]
 38023 | Lair:1   | Gained mutation: You are agile. (Dex +4, Str/Int -1)
                  | [potion of mutation]
 38024 | Lair:1   | Lost mutation: You passively dampen the noise of your
                  | surroundings. [potion of mutation]
 38024 | Lair:1   | Lost mutation: You occasionally lose the ability to drink
                  | potions when taking damage. [potion of mutation]
 38024 | Lair:1   | Gained mutation: Armour fits poorly on your strangely
                  | shaped body. [potion of mutation]
 38025 | Lair:1   | Lost mutation: You have a somewhat thin skeletal structure.
                  | (Dex +2, Stealth+) [potion of mutation]
 38025 | Lair:1   | Lost mutation: You occasionally lose the ability to read
                  | scrolls when taking damage. [potion of mutation]
 38026 | Lair:1   | Lost mutation: Armour fits poorly on your strangely shaped
                  | body. [potion of mutation]
 38026 | Lair:1   | Lost mutation: Your body sometimes deteriorates upon taking
                  | damage. [potion of mutation]
 38026 | Lair:1   | Gained mutation: Your mind is acute. (Int +4, Str/Dex -1)
                  | [potion of mutation]
 38026 | Lair:1   | Gained mutation: You occasionally lose the ability to drink
                  | potions when taking damage. [potion of mutation]
 38027 | Lair:1   | Lost mutation: You are agile. (Dex +4, Str/Int -1) [potion
                  | of mutation]
 38027 | Lair:1   | Lost mutation: You occasionally lose the ability to drink
                  | potions when taking damage. [potion of mutation]
 38027 | Lair:1   | Gained mutation: You are partially covered in iridescent
                  | scales. (AC +2) [potion of mutation]
 38027 | Lair:1   | Gained mutation: You are covered in fur. (AC +1) [potion of
                  | mutation]
 38197 | Elf:1    | Entered Level 1 of the Elven Halls
 38200 | Elf:1    | Found Tutu's Antique Armour Emporium.
 38236 | Elf:1    | Found Sahovoc's Antique Weapon Emporium.
 38495 | Elf:1    | Found Ujoachul's Antique Armour Emporium.
 38504 | Elf:1    | Found Hiavuese's Magic Scroll Shoppe.
 38520 | Elf:1    | Bought 2 scrolls of enchant armour for 195 gold pieces
 38520 | Elf:1    | Bought a scroll of teleportation for 39 gold pieces
 38520 | Elf:1    | Bought a scroll of blinking for 97 gold pieces
 38520 | Elf:1    | Bought a scroll of enchant armour for 97 gold pieces
 38520 | Elf:1    | Bought a scroll of teleportation for 39 gold pieces
 38520 | Elf:1    | Bought a scroll of blinking for 97 gold pieces
 38673 | Elf:1    | Received a gift from Trog
 38701 | Elf:1    | Found Iwyephud's Jewellery Shop.
 38787 | Elf:1    | Bought the ring of Red Wine {rPois rC+ rCorr AC+4 Int-3}
                  | for 749 gold pieces
 38800 | Elf:1    | Found Davosyo's Book Shop.
 38802 | Elf:1    | Found Sojig's Armour Boutique.
 38805 | Elf:1    | Found Biogg's Book Shop.
 38929 | Elf:2    | Found Yploh's Armour Shoppe.
 38950 | Elf:2    | Reached XP level 23. HP: 218/223 MP: 22/22
 39028 | Elf:2    | Identified the +2 ring mail "Nyxtoer" {rPois Will+ Dex+3}
 39084 | Elf:2    | Received a gift from Trog
 39167 | Elf:2    | Found a runed translucent door.
 39196 | Elf:2    | Found a runed translucent door.
 39439 | Elf:2    | Received a gift from Trog
 39834 | Elf:3    | Entered Level 3 of the Elven Halls
 40446 | Elf:3    | Found Bidunap's Antique Weapon Shop.
 40694 | Elf:3    | Identified the +5 morningstar of Yqag {antimagic, Will+}
 40720 | Elf:3    | Identified the ring "Vaem" {rN+ rCorr}
 40731 | Elf:3    | Identified the +7 executioner's axe "Wein Kou" {heavy,
                  | +Blink Dex+3} (Trog gifted it to you on level 3 of the
                  | Elven Halls)
 40731 | Elf:3    | Received a gift from Trog
 40873 | Elf:3    | Identified the +0 tower shield of Elyvilon's Pride {Drain
                  | rPois rCorr}
 41388 | Crypt:1  | Entered Level 1 of the Crypt
 42661 | Crypt:2  | Received a gift from Trog
 42905 | Crypt:3  | Entered Level 3 of the Crypt
 43062 | Crypt:3  | Reached XP level 24. HP: 235/235 MP: 22/22
 43226 | Crypt:3  | Identified the +9 battleaxe "Puqir" {heavy, rElec rN+}
                  | (Trog gifted it to you on level 3 of the Crypt)
 43226 | Crypt:3  | Received a gift from Trog
 43591 | Crypt:3  | Identified the ring "Uheis" {Ice rElec rN+}
 43591 | Crypt:3  | Noticed Josephina
 43608 | Crypt:3  | Killed Josephina
 43639 | Crypt:3  | Found a staircase to the Tomb.
 43739 | Crypt:3  | Noticed a dread lich
 43914 | Crypt:3  | Identified the +0 pair of boots of Duraeg {Rampage}
 43914 | Crypt:3  | Noticed an ancient lich
 43922 | Crypt:3  | Killed an ancient lich
 43931 | Crypt:3  | Killed a dread lich
 43936 | Crypt:3  | Identified the ring "Akkac" {rC+ rN+ Str+2}
 43936 | Crypt:3  | Identified the ring of Winter {Fly rF+ rN+ Slay+3}
 43951 | Crypt:3  | Identified the +0 halberd of the Endless Hosts {freeze,
                  | rElec Str+3 Dex+4}
 44195 | Depths:1 | Entered Level 1 of the Depths
 44338 | Depths:1 | Received a gift from Trog
 44509 | Depths:1 | Found an ornate altar of the Wu Jian Council.
 44577 | Depths:1 | Found Ywnant's Weapon Shoppe.
 44579 | Depths:1 | Found Aguot's Assorted Antiques.
 44579 | Depths:1 | Found Foosoutt's Armour Emporium.
 44584 | Depths:1 | Found Olotulae's Antique Weapon Emporium.
 44843 | Depths:1 | Found a gateway to Hell.
 45082 | Depths:1 | Found a runed translucent door.
 45083 | Depths:1 | Noticed Hom Cuaz's ghost (master HuEE)
 45096 | Depths:1 | Killed Hom Cuaz's ghost
 45374 | Depths:2 | Received a gift from Trog
 45388 | Depths:2 | Found a one-way gate leading to the halls of Pandemonium.
 45467 | Depths:2 | Reached skill level 27 in Axes
 46403 | Depths:3 | Reached XP level 25. HP: 230/245 MP: 22/22
 46460 | Depths:3 | Identified the +0 leather armour "Inlur" {*Slow Dex+4}
 46652 | Depths:3 | Identified the +4 ring mail of Hedonism {Regen+}
 46674 | Depths:3 | Identified the +1 plate armour of Restlessness {Dex+3}
 46714 | Depths:3 | Received a gift from Trog
 47035 | Depths:4 | Entered Level 4 of the Depths
 47043 | Depths:4 | Noticed the Enchantress
 47058 | Depths:4 | Killed the Enchantress
 47194 | Depths:4 | Noticed Boris
 47205 | Depths:4 | Killed Boris
 47230 | Depths:4 | Reached skill level 27 in Armour
 47248 | Depths:4 | Found a gate to the Realm of Zot.
 47348 | Depths:4 | Identified the +1 falchion "Hydra's Foe" {protect, Dex+7}
 47419 | Depths:4 | Received a gift from Trog
 47467 | Depths:4 | Noticed Grunn
 47482 | Depths:4 | Killed Grunn
 47669 | Depths:4 | Found a one-way gateway to a ziggurat.
 48753 | Tomb:1   | Entered Level 1 of the Tomb of the Ancients
 48896 | Tomb:1   | Received a gift from Trog
 49375 | Tomb:1   | Noticed a royal mummy
 49386 | Tomb:1   | Killed a royal mummy
 49794 | Tomb:1   | Received a gift from Trog
 49911 | Tomb:2   | Noticed a royal mummy
 49923 | Tomb:2   | Killed a royal mummy
 49928 | Tomb:2   | Noticed a royal mummy
 49928 | Tomb:2   | Noticed a royal mummy
 49956 | Tomb:2   | Killed a royal mummy
 49976 | Tomb:2   | Killed a royal mummy
 49976 | Tomb:2   | Noticed a royal mummy
 49983 | Tomb:2   | Killed a royal mummy
 49995 | Tomb:2   | Reached XP level 26. HP: 59/257 MP: 22/22
 50143 | Tomb:2   | Received a gift from Trog
 50659 | Tomb:3   | Entered Level 3 of the Tomb of the Ancients
 50681 | Tomb:3   | Noticed a royal mummy
 50682 | Tomb:3   | Noticed a royal mummy
 50682 | Tomb:3   | Noticed a royal mummy
 50684 | Tomb:3   | Noticed a royal mummy
 50684 | Tomb:3   | HP: 13/379 [??? (8)]
 50685 | Tomb:3   | Slain by a bennu

Illustrated notes

Levels and vault maps discovered:
D:1:      dpeg_cavernosity, layout_basic
D:2:      layout_loops_ring, hellmonk_ecumenical_altar_inner_sanctum,
          uniq_terence
D:3:      layout_loops_ring, serial_undead, serial_undead_b, serial_undead_b,
          serial_undead_b, serial_undead_a, kennysheep_nondescript,
          corexii_leaking_fountain, uniq_robin
D:4:      layout_cave_pods, mainiacjoe_overflow_concentric_impassable,
          nicolae_sif_muna_condensation, nicolae_shop_gadgets
D:5:      layout_gridville, minmay_temple_entry_overgrown
D:6:      layout_cave_pools, mainiacjoe_overflow_cross_hatched
D:7:      layout_rooms, mainiacjoe_overflow_boulevard,
          corexii_mini_fake_secret_closet, minmay_mini_ossuary
D:8:      layout_cave_pools, lemuel_tele_altar, lemuel_zombie_altar_yredelemnul,
          minmay_lair_entry_grove, serial_gnoll_camp, gnoll_camp_medium_01,
          gnoll_camp_mini_doghouse, gnoll_camp_mini_house, gnoll_camp_mini_shop
D:9:      minmay_goldmine, layout_stronghold, mainiacjoe_overflow_24_doors,
          minmay_orc_entry_temple_small, minmay_liquid_box,
          minmay_diamond_spiral
D:10:     layout_rooms, nicolae_uskayaw_dance_hall,
          mainiacjoe_overflow_brackets, okawaru_ov_weapons_minmay
D:11:     layout_irregular_city, nicolae_ru_path_of_blood, uniq_nergalle
D:12:     layout_cave_pools, uniq_urug, uniq_kirke
D:13:     layout_loops_ring, david_vaults_2, gammafunk_ghost_abyssal_escape,
          minivault_21
D:14:     layout_loops_ring, chequers_serial_rivers_large_b, enter_trove_1
D:15:     gammafunk_depths_entry_grave, layout_loops_ring, uniq_jorgrun
Lair:1:   layout_regular_city, nzn_ghost_randoct,
          chequers_serial_rivers_micro_d, minmay_holes, minivault_23,
          patterned_corridor
Lair:2:   layout_loops_ring
Lair:3:   layout_concentric_octagons, skrybe_swamp_entry_bodies,
          nicolae_spider_entry_tight_spaces, uniq_fannar, uniq_gastronok
Lair:4:   layout_regular_city, nicolae_slime_entry_field_trip, uniq_nessos,
          uniq_rupert
Lair:5:   minmay_lair_end_frog_pond, layout_cellular_growth,
          grunt_forest_small_clearing_treed
Swamp:1:  layout_basic_swamp, hangedman_swamp_ruin_hall
Swamp:2:  layout_basic_swamp, ebering_ghost_xom, evilmike_swamp_ruin_house_2
Swamp:3:  nicolae_swamp_long_stream, layout_basic_swamp,
          evilmike_swamp_ruin_house_5
Swamp:4:  swamp_basic_johnstein, layout_basic_swamp, gammafunk_ghost_hydra_chop,
          nicolae_swamp_small_spring, uniq_mlioglotl, uniq_nikola
Spider:1: layout_spider_delve, drop_trap, nicolae_spider_eight_legs
Spider:2: layout_spider_delve, portal_ice_cave_entry_pillars_2,
          nicolae_spider_orb_run, uniq_arachne
Spider:3: layout_spider_delve, hangedman_spider_tarantella_strand
Spider:4: grunt_spider_rune_circles
Slime:1:  layout_caves, basic_altar, cheibrodos_slime_lost_civilization_4
Slime:2:  layout_caves
Slime:3:  layout_caves, nicolae_slime_getting_an_eyeful
Slime:4:  layout_caves, cheibrodos_slime_lost_civilization_7
Slime:5
Orc:1:    layout_caves, nicolae_shop_vocational
Orc:2:    st_orc_congregation, layout_diamond_mine, minmay_orc_temple_b,
          uniq_sonja
Elf:1:    layout_gridlike, serial_shops, shop_coins, shop, nicolae_shop_crystal,
          shop, shop_statue, minmay_elf_sorcery, minmay_shop_star
Elf:2:    elven_hall_of_blades_hangedman_original
          [nicolae_blade_entry_splitting_headache], layout_rooms, serial_shops,
          nicolae_diamond_shop
Elf:3:    minmay_elf_hall_not_hex, layout_loops_ring, serial_shops,
          nicolae_shop_behind_doors, hex_large
Vaults:1: nicolae_vaults_specimen_jars, v_pattern_1, vaults_room_ringed_pool,
          vaults_room_grunt_arrival_ludios, vaults_room_pool,
          nicolae_vaults_mini_display_case, hangedman_vaults_capsules,
          ontoclasm_vaults_gateway, vaults_dpeg_hooks, layout_vaults_omnigrid,
          serial_shops, nicolae_diamond_shop, uniq_aizul
Vaults:2: biasface_ghost_orc_armoury, hangedman_vaults_stream,
          hangedman_vaults_nodes, minmay_crypt_entry_simple_corners,
          nicolae_vaults_asterisk, door_vault, vaults_mumra_hex,
          vaults_dpeg_diagonal, nicolae_vaults_yaktaur_gun_rack,
          vaults_room_stairs_pillars, nicolae_vaults_rhombus_5,
          vaults_dpeg_cross, layout_vaults_chaotic_city
Vaults:3: portal_desolation_entry_holy_temple, v_alt_pattern_4,
          dpeg_vaults_monster_row, v_misc_18, gammafunk_sealed_arena,
          ontoclasm_vaults_ring_square, nicolae_vaults_puzzle_piece, v_misc_12,
          nicolae_vaults_shelves_hall, vaults_mumra_minichess, v_misc_9,
          nicolae_vaults_gold_heap, layout_vaults_big_cross, serial_shops,
          bzr_firewalk, uniq_bai_suzhen
Vaults:4: v_rooms_6, vaults_room_semicircle, hangedman_vaults_restitches,
          v_alt_pattern_4, v_misc_13, grunt_vaults_bifocal,
          vaults_room_semicircle, dpeg_vaults_waves,
          ontoclasm_vaults_decontamination, nicolae_vaults_rhombus_6,
          vaults_mumra_lcd, hangedman_vaults_maws, layout_vaults_ring
Vaults:5
Crypt:1:  layout_basic, amcnicky_mini_pool_small, grunt_crypt_arrival_split
Crypt:2:  layout_misc_corridors, st_stairs_10, chequers_big_river,
          minmay_strange_pillars
Crypt:3:  david_glass_crypt, layout_chaotic_city,
          nicolae_tomb_entry_unfolded_pyramid_orthogonal, uniq_josephina
Tomb:1
Tomb:2
Tomb:3
Depths:1: layout_gridlike, ebering_ghost_inner_flame, serial_hangedman_research,
          hangedman_research_electronics, hangedman_research_metamorphosis,
          hangedman_research_toxicology, hangedman_research_convocations,
          hangedman_research_probablistics, hangedman_geh_valley,
          nzn_wu_jian_council_hall, minmay_shoptagon
Depths:2: kennysheep_ogre_elephant_herders, layout_basic,
          grunt_pan_entry_in_and_out, moated_statue, hell_entry, abyss_entry
Depths:3: gammafunk_mikee_crab_dinner, layout_cave_pools, hell_entry,
          corexii_corridor_pit, marbit_kobold_abyss_entry,
          rand_demon_pan_entry_7, serial_bayou_shore_b
Depths:4: grunt_x_marks_the_spot, layout_gridlike, enter_ziggurat_e,
          grunt_decor_arrowhead, hell_entry, abyss_entry,
          grunt_pan_entry_spiral, uniq_grunn, uniq_boris, uniq_enchantress

Skill      XL: |  1  2  3  4  5  6  7  8  9 10 11 12 13 14 15 16 17 18 19 20 21 22 23 24 25 |
---------------+----------------------------------------------------------------------------+-----
Axes           | 4 5 6 7 9 11 12 17 18 20 21 23 24 26 27 | 27.0
Fighting       | 4 5 6 7 8 9 10 11 13 14 15 16 18 19 20 21 22 23 24 25 | 25.9
Armour         | 3 4 5 6 7 8 10 11 13 16 18 20 21 22 23 24 25 26 27 | 27.0
Dodging        | 3 4 5 6 7 8 9 10 12 13 14 15 16 17 18 19 21 23 24 26 | 26.9
Evocations     | 1 3 4 6 7 8 10 11 12 13 14 15 16 17 19 21 | 21.3

Action                     |  1- 3 |  4- 6 |  7- 9 | 10-12 | 13-15 | 16-18 | 19-21 | 22-24 | 25-27 || total
---------------------------+-------+-------+-------+-------+-------+-------+-------+-------+-------++-------
  Melee: Hand axe          |    64 |   110 |   320 |   274 |       |       |       |       |       ||   768
         Headbutt          |     8 |    24 |    66 |    90 |   160 |   193 |   242 |   346 |   142 ||  1271
         Punch             |     1 |     1 |     2 |     5 |     2 |       |       |       |       ||    11
         Broad axe         |       |       |       |   224 |    80 |       |       |       |       ||   304
         Battleaxe         |       |       |       |       |   777 |   817 |   976 |  1331 |   543 ||  4444
         Unarmed           |       |       |       |       |       |       |       |       |     1 ||     1
 Invoke: Berserk           |     1 |     2 |     3 |     7 |     6 |     2 |     2 |     5 |     2 ||    30
         Trog's Hand       |       |       |       |     1 |     2 |     2 |     4 |     4 |     2 ||    15
  Evoke: Lightning rod     |       |       |       |       |     4 |       |       |       |       ||     4
         Box of beasts     |       |       |       |       |       |     1 |       |       |       ||     1
    Use: Scroll            |       |       |    21 |     1 |     9 |     6 |    11 |    11 |     4 ||    63
         Potion            |       |       |     1 |     2 |     6 |     1 |     2 |     7 |     7 ||    26
   Stab: Sleeping          |     2 |       |       |       |       |       |       |       |       ||     2
         Petrified         |       |       |       |       |     3 |       |       |       |       ||     3
         Distracted        |       |       |       |       |       |       |       |     1 |       ||     1
 Armour: Scale mail        |     6 |    56 |   148 |       |       |       |       |       |       ||   210
         Animal skin       |     2 |       |       |       |       |       |       |       |       ||     2
         Plate armour      |       |       |    50 |   406 |   399 |   450 |   390 |       |       ||  1695
         Gold dragon scale |       |       |       |       |       |       |   164 |   844 |   343 ||  1351
  Dodge: Dodged            |    34 |    56 |   200 |   258 |   387 |   584 |   648 |   741 |   404 ||  3312

Table legend: (Time is in decaauts)
 A = Elapsed time spent in this place.
 B = Non-inter-level travel time spent in this place.
 C = Inter-level travel time spent in this place.
 D = Time resting spent in this place.
 E = Time spent auto-exploring this place.
 F = Levels seen in this place.
 G = Mean time per level.
                   A        B        C        D        E       F      G
               +--------+--------+--------+--------+--------+-----+--------+
         Total |  49587 |  45667 |   3920 |   4577 |  27859 |  58 |  854.9 |
       Dungeon |  14190 |  12880 |   1310 |   1487 |   8562 |  15 |  946.0 |
          Lair |   4600 |   4046 |    554 |    361 |   2826 |   5 |  920.0 |
         Swamp |   2417 |   2318 |     99 |    157 |   1501 |   4 |  604.2 |
   Spider Nest |   4011 |   3703 |    308 |    456 |   2309 |   4 | 1002.8 |
    Slime Pits |   1920 |   1812 |    108 |     92 |    955 |   5 |  384.0 |
  Orcish Mines |   1276 |   1157 |    119 |    104 |    675 |   2 |  638.0 |
   Elven Halls |   2926 |   2807 |    119 |    280 |   1520 |   3 |  975.3 |
        Vaults |   7489 |   6859 |    630 |    547 |   4019 |   5 | 1497.8 |
         Crypt |   2679 |   2397 |    282 |    215 |   1533 |   3 |  893.0 |
          Tomb |   1841 |   1721 |    120 |    403 |    511 |   3 |  613.7 |
        Depths |   4201 |   3935 |    266 |    156 |   2749 |   4 | 1050.2 |
         Abyss |    715 |    715 |      0 |    192 |    231 |   1 |  715.0 |
        Bazaar |    164 |    164 |      0 |      0 |     78 |   1 |  164.0 |
         Trove |     53 |     53 |      0 |      0 |      0 |   1 |   53.0 |
      Ice Cave |    716 |    716 |      0 |    124 |    348 |   1 |  716.0 |
    Desolation |    379 |    379 |      0 |      0 |     42 |   1 |  379.0 |
               +--------+--------+--------+--------+--------+-----+--------+

Top non-repeatable levels by time:
Vaults:2: 1740 daAuts
Vaults:3: 1632 daAuts
Vaults:1: 1515 daAuts
     D:9: 1460 daAuts
Depths:4: 1364 daAuts
Vaults:5: 1346 daAuts
Spider:2: 1343 daAuts
    D:13: 1311 daAuts
   Elf:3: 1308 daAuts
Vaults:4: 1254 daAuts
    D:15: 1220 daAuts
     D:8: 1192 daAuts
    D:14: 1184 daAuts
  Tomb:1: 1145 daAuts
 Crypt:3: 1106 daAuts
